 Dungeon Crawl Stone Soup version 0.31-a0-174-g85c54bcb58 (webtiles) character file.

Game seed: 284543291942112900

144 qw the Shooter (level 5, -2/32 HPs)
             Began as a Gargoyle Hunter on June 15, 2023.
             Slain by Sigmund
             ... wielding a +2 heavy scythe
              (13 damage)
             ... on level 3 of the Dungeon.
             The game lasted 00:00:44 (2022 turns).

qw the Shooter (Gargoyle Hunter)                    Turns: 2022, Time: 00:00:44

Health: -2/32      AC:  8    Str: 15    XL:     5   Next: 26%
Magic:  5/5        EV: 11    Int:  9    God:
Gold:   89         SH:  0    Dex: 15    Spells: 4/4 levels left

rFire   . . .        Y - +0 shortbow
rCold   . . .        (shield currently unavailable)
rNeg    + . .        c - +0 leather armour
rPois   inf          (no helmet)
rElec   +            (no cloak)
rCorr   .            b - +0 pair of gloves
SInv    .            (no boots)
Will    .....        (no amulet)
Stlth   ++           (no ring)
HPRegen 0.25/turn    (no ring)
MPRegen 0.09/turn

%: no passive effects
@: no status effects
A: sickness immunity, AC +4, negative energy resistance 1, electricity
resistance, torment resistance 1, petrification resistance
a: no special abilities


You were on level 3 of the Dungeon.
You visited 1 branch of the dungeon, and saw 4 of its levels.

You collected 89 gold pieces.


Innate Abilities, Weirdness & Mutations

You are immune to sickness and miasma.
Your stone body is resilient. (AC +4)
You are immune to poison.
You resist negative energy. (rN+)
You are resistant to electric shocks. (rElec)
You are resistant to unholy torment.
You are immune to petrification.


   Skills:
 + Level 3.0 Fighting
 - Level 6.0 Ranged Weapons
 - Level 1.0 Armour
 - Level 1.5 Dodging
 - Level 1.1 Stealth


You had 4 spell levels left.
You didn't know any spells.
Your spell library was empty.

Inventory:

Hand Weapons
 Y - a +0 shortbow (weapon)
Armour
 a - a +0 helmet
 b - a +0 pair of gloves (worn)
 c - a +0 leather armour (worn)
Potions
 d - a potion of curing {unknown}
 f - a potion of magic {unknown}

Dungeon Overview and Level Annotations

Branches:
Dungeon (4/15)
 Temple: D:4-7

Altars:

Annotations:
D:3 Sigmund


Message History

You shoot an arrow. The arrow hits the endoplasm.
The endoplasm quivers.
The endoplasm is lightly wounded.
Sigmund shouts!
You shoot an arrow. The arrow hits the endoplasm.
You kill the endoplasm!
You shoot an arrow. The arrow barely misses Sigmund.
An endoplasm comes into view.
You shoot an arrow. The arrow hits Sigmund!
Sigmund is moderately wounded.
You hear a shout!
An orc comes into view.
It is wielding a +0 falchion of protection.
You hear a shout! x2
You shoot an arrow. The arrow barely misses the endoplasm.
The arrow hits Sigmund!
Sigmund is heavily wounded.
Sigmund casts a spell.
Sigmund flickers and vanishes!
Deactivating autopickup; reactivate with Ctrl-A.
You shoot an arrow. The arrow hits the endoplasm!
You kill the endoplasm!
Your Armour skill increases to level 1!
You shoot an arrow. The arrow hits the orc.
The orc is lightly wounded.
Something hits you!
The orc hits you with a +0 falchion of protection.
You shoot an arrow. The arrow barely misses the orc.
The orc misses you.
You shoot an arrow.
The arrow hits the orc but does no damage.
The orc is lightly wounded.
The orc closely misses you. Something hits you!
You shoot an arrow. The arrow hits the orc.
The orc is severely wounded.
The orc closely misses you.
The orc hits you with a +0 falchion of protection.
An orc comes into view. It is wielding a +0 dagger.
You shoot an arrow. The arrow closely misses the orc.
Something hits you!
You die...

#.
#.###############
#.#.......(.....#
#.#.########.####
#.#.#....# #.#
#.#....#.# #.#
#..#o#.#.####.#
#.#
.....{o@......#
#.#
...#.#.#.#.####
#.###### #.#.#.#
#.#..... #.#.#.#
#.#.#### #.#.#.#
#.#.#... #.#.#.#
#.#.#>#. #.#.#.#
#...%... #.#.#.#
###.#.#. #.#..
#.#.#.


You could see 2 orcs.

Vanquished Creatures
  Natasha (D:2)
  Robin (D:3)
  3 gnolls (D:3)
  2 adders
  4 bats
  7 endoplasms
  4 giant cockroaches
  7 goblins
  10 hobgoblins
  2 jackals (D:4)
  A quokka (D:1)
  7 ball pythons
  3 frilled lizards
  5 kobolds
  2 rats
59 creatures vanquished.

Notes
Turn   | Place    | Note
-------+----------+-------------------------------------------
     0 | D:1      | qw the Gargoyle Hunter began the quest for the Orb.
     0 | D:1      | Reached XP level 1. HP: 12/12 MP: 1/1
     0 | D:1      | 0 ||| qw: Version: 0.2-a-29-g511e9b1
     0 | D:1      | 0 ||| qw: Game counter: 5298
     0 | D:1      | 0 ||| qw: Always use a shield: true
     0 | D:1      | 0 ||| qw: God list: Okawaru
     0 | D:1      | 0 ||| qw: Allow faded altars: false
     0 | D:1      | 0 ||| qw: Do Orc after D:15 true
     0 | D:1      | 0 ||| qw: Do second Lair branch before Depths: true
     0 | D:1      | 0 ||| qw: Lair rune preference: random
     0 | D:1      | 0 ||| qw: Plans: Normal, Zot:1-4, Slime:5, God:TSO, Crypt,
                  | Tomb, Abyss, Pan, Hells, Win
     0 | D:1      | 0 ||| PLANNING D:1-11
   138 | D:1      | Reached XP level 2. HP: 17/17 MP: 2/2
   539 | D:1      | Found a faded altar of an unknown god.
   800 | D:1      | 800 ||| READING 2 scrolls labelled QIRU PYKHUXORR.
   801 | D:1      | 801 ||| READING scroll labelled TYCHUGYRUO.
   802 | D:1      | 802 ||| DROPPING scroll of fear.
   803 | D:1      | 803 ||| DROPPING scroll of butterflies.
   876 | D:2      | Reached XP level 3. HP: 21/21 MP: 3/3
   980 | D:2      | Noticed Natasha
   988 | D:2      | Killed Natasha
   989 | D:2      | Reached skill level 5 in Ranged Weapons
  1232 | D:2      | Reached XP level 4. HP: 27/27 MP: 4/4
  1421 | D:2      | You fall into a shaft and drop 2 floors!
  1445 | D:4      | Reached skill level 3 in Fighting
  1542 | D:4      | 1542 ||| UPGRADING to +0 pair of gloves.
  1547 | D:4      | 1547 ||| READING scroll labelled VECKOU XAEB.
  1610 | D:4      | 1610 ||| Stepping randomly (stuck).
  1611 | D:4      | 1611 ||| Stepping randomly (stuck).
  1612 | D:4      | 1612 ||| Stepping randomly (stuck).
  1613 | D:4      | 1613 ||| Stepping randomly (stuck).
  1614 | D:4      | 1614 ||| Stepping randomly (stuck).
  1615 | D:4      | 1615 ||| Stepping randomly (stuck).
  1616 | D:4      | 1616 ||| Stepping randomly (stuck).
  1617 | D:4      | 1617 ||| Stepping randomly (stuck).
  1672 | D:3      | Noticed Robin
  1683 | D:3      | Killed Robin
  1808 | D:3      | Reached XP level 5. HP: 27/32 MP: 5/5
  1809 | D:3      | Reached skill level 6 in Ranged Weapons
  2011 | D:3      | Noticed Sigmund
  2018 | D:3      | Reached skill level 1 in Armour
  2022 | D:3      | Slain by Sigmund

Levels and vault maps discovered:
D:1:      co_arrival_square_in_a_square_in_a_square, layout_loops_corners,
          ebering_ecumenical_altar_mist
D:2:      layout_basic, uniq_natasha
D:3:      layout_basic, minmay_fractal_squares_gapless_5, uniq_grinder,
          uniq_sigmund, uniq_robin
D:4:      layout_gridville, nemelex_diamond_rough_becter, vehumet_statue,
          uniq_pikel, uniq_edmund, uniq_menkaure

Skill      XL: |  1  2  3  4  5 |
---------------+----------------+-----
Ranged Weapons | 5 6 |  6.0
Fighting       | 3 |  3.0
Armour         | 1 |  1.0
Dodging        | |  1.5
Stealth        | |  1.1

Action                     |  1- 3 |  4- 6 || total
---------------------------+-------+-------++-------
   Fire: Shortbow          |    86 |    96 ||   182
    Use: Scroll            |     2 |     1 ||     3
 Armour: Leather armour    |    10 |    47 ||    57
  Dodge: Dodged            |    18 |    58 ||    76

Table legend:
 A = Non-vault XP
 B = Vault XP
 C = Vault XP percentage of total XP
 D = Non-vault monster count
 E = Vault monster count
 F = Vault count percentage of total count
                 A         B        C        D         E       F
            +---------+---------+-------+---------+---------+-------
      Total |     137 |      69 |  33.5 |      48 |      11 |  18.6
            +---------+---------+-------+---------+---------+-------
        D:1 |      33 |       0 |   0.0 |      20 |       0 |   0.0
        D:2 |      27 |      35 |  56.5 |      10 |       1 |   9.1
        D:3 |      53 |      34 |  39.1 |      10 |      10 |  50.0
        D:4 |      24 |       0 |   0.0 |       8 |       0 |   0.0
            +---------+---------+-------+---------+---------+-------
